 Dungeon Crawl Stone Soup version 0.24.0-1-gfbc8707122 (webtiles) character file.

Game seed: 11645170261084104836, levelgen mode: deterministic

1862 Lanoc the Conjurer (level 8, -5/78 HPs)
             Began as a Demonspawn Fire Elementalist on Oct 28, 2019.
             Was an Initiate of Sif Muna.
             Slain by a hog (6 damage)
             ... on level 6 of the Dungeon.
             The game lasted 00:18:40 (8335 turns).

Lanoc the Conjurer (Demonspawn Fire Elementalist)   Turns: 8335, Time: 00:18:41

Health: -5/78      AC:  7    Str: 13    XL:     8   Next: 89%
Magic:  1/11       EV: 15    Int: 21    God:    Sif Muna [......]
Gold:   30         SH:  0    Dex: 17    Spells: 1/11 levels left

rFire    . . .     SeeInvis +   x - +3 quarterstaff (chaos)
rCold    . . .     Gourm    .   (shield currently unavailable)
rNeg     . . .     Faith    .   w - +0 robe of the Arcane {Dex+2} (curse)
rPois    .         Spirit   .   (helmet restricted)
rElec    .         Reflect  .   y - +2 cloak {MR+}
rCorr    .         Harm     .   (no gloves)
MR       +....                  (no boots)
Stlth    ..........             (no amulet)
HPRegen  0.23/turn              F - ring of see invisible
MPRegen  0.12/turn              p - +3 ring of intelligence

@: berserking, very quick
A: horns 1, thin metallic scales 1, nightstalker 1
a: Renounce Religion


You were on level 6 of the Dungeon.
You worshipped Sif Muna.
Sif Muna was noncommittal.
You were very hungry.

You visited 2 branches of the dungeon, and saw 8 of its levels.

You collected 201 gold pieces.
You spent 171 gold pieces at shops.

Inventory:

Hand Weapons
 x - a +3 quarterstaff of chaos (weapon)
Missiles
 E - 4 atropa-tipped darts (quivered)
Armour
 a - a +0 robe
 w - the cursed +0 robe of the Arcane (worn) {Dex+2}
   (You bought it in a shop on level 5 of the Dungeon)

   It affects your dexterity (+2).
   It has a curse placed upon it.
 y - a +2 cloak of magic resistance (worn)
Jewellery
 j - an uncursed ring of resist corrosion
 p - a +3 ring of intelligence (right hand)
 F - a ring of see invisible (left hand)
Wands
 t - a wand of acid (3)
 v - a wand of paralysis (8)
 D - a wand of iceblast (7)
Scrolls
 b - 2 scrolls of magic mapping {unknown}
 e - 5 scrolls of identify
 h - 3 scrolls of enchant weapon {unknown}
 i - 2 scrolls of amnesia {unknown}
 m - 2 scrolls of immolation {unknown}
 r - a scroll of teleportation {unknown}
 s - a scroll of enchant armour {unknown}
 u - 4 scrolls of remove curse {unknown}
 z - a scroll of fear {unknown}
 A - 2 scrolls of fog {unknown}
Potions
 d - a potion of brilliance {unknown}
 f - 2 potions of degeneration {unknown}
 g - a potion of agility {unknown}
 k - a potion of mutation {unknown}
 n - a potion of ambrosia {unknown}
 o - a potion of invisibility {unknown}
 q - 3 potions of heal wounds {unknown}
 B - 3 potions of curing {unknown}
 C - a potion of might {unknown}
Comestibles
 c - 8 rations
 G - 4 chunks of flesh


   Skills:
 + Level 4.9 Dodging
 - Level 1.7 Stealth
 - Level 2.0 Spellcasting
 * Level 7.3 Conjurations
 * Level 7.2 Fire Magic


You had one spell level left.
You knew the following spells:

 Your Spells              Type           Power        Failure   Level  Hunger
a - Flame Tongue          Conj/Fire      ####.        1%          1    #......
b - Sticky Flame          Conj/Fire      ####....     8%          4    #####..
c - Fireball              Conj/Fire      ####......   21%         5    ######.

Your spell library contained the following spells:

 Spells                   Type           Power        Failure   Level  Hunger
 Throw Flame              Conj/Fire      ####..       1%          2    ##.....
 Conjure Flame            Conj/Fire      ####....     2%          3    ###....
 Inner Flame              Hex/Fire       ###.....     10%         3    ###....


Dungeon Overview and Level Annotations

Branches:
Dungeon (7/15)             Temple (1/1) D:5

Altars:
Dithmenos
Gozag
Makhleb
Sif Muna

Shops:
D:5 *(=


Innate Abilities, Weirdness & Mutations

You have a pair of small horns on your head.
You are partially covered in thin metallic scales. (AC +2)
You are slightly more attuned to the shadows.


Message History

The hog bites you.
* * * LOW HITPOINT WARNING * * *
A red film seems to cover your vision as you go berserk!
You feel yourself moving faster!
You feel mighty!
The hog burns!
The hog closely misses you. The hog bites you.
* * * LOW HITPOINT WARNING * * *
The hog bites you but does no damage.
You thump the hog!
You kill the hog!
Sif Muna accepts your kill. The hog barely misses you. The hog bites you.
* * * LOW HITPOINT WARNING * * *
You sock the hog!
You hear strange and distant voices.
The hog is heavily wounded.
The hog barely misses you.
You hit the hog. You freeze the hog.
The hog is severely wounded.
The hog bites you.
You die...

#.....#########...........#
#... #.....# #...........#
#... #.#####
#...........###... #.#
#...........'..... #.#
##..........###### #.#
###......#####..... #.#
#.......##########. #.#
#)[h....#.#∩######[ #.#
#[@.....#.._..#.... #.#
#######.##...##.... #.#
##########.##...#..... #.#
#..................... #.#
#.########.##......... #.#
#.#......#..#.#######. #.#
#.#.####.##.#.#######. #.#
#.#.#.....#.#.#....... #.#
#.#.........#.#.#.....


You could see a hog.

Vanquished Creatures
  A hog (D:6)
  A water moccasin (D:5)
  An orc warrior (D:6)
  2 phantoms (D:4)
  3 centaurs
  2 bullfrogs
  A scorpion (D:4)
  A howler monkey (D:4)
  2 crimson imps (D:5)
  An orc priest (D:4)
  A centaur skeleton (D:5)
  5 hounds
  A bullfrog skeleton (D:6)
  Crazy Yiuf (D:4)
  6 orc wizards
  Natasha (thrice) (D:2)
  An iguana (D:7)
  A worker ant (D:4)
  Robin (D:3)
  A worker ant zombie (D:5)
  6 gnolls
  9 adders
  5 worms
  2 dart slugs (D:1)
  3 leopard geckos
  8 orcs
  6 bats
  6 giant cockroaches
  13 goblins
  12 hobgoblins
  19 jackals
  5 kobolds
  5 frilled lizards
  A jackal skeleton (D:5)
  5 rats
141 creatures vanquished.

Notes
Turn   | Place    | Note
-------+----------+-------------------------------------------
     0 | D:1      | Lanoc the Demonspawn Fire Elementalist began the quest for
                  | the Orb.
     0 | D:1      | Reached XP level 1. HP: 13/13 MP: 3/3
   366 | D:1      | Gained mutation: You are slightly more attuned to the
                  | shadows. [demonic ancestry]
   366 | D:1      | Reached XP level 2. HP: 19/19 MP: 0/5
  1060 | D:2      | Reached XP level 3. HP: 15/24 MP: 0/6
  1394 | D:2      | Gained mutation: You have a pair of small horns on your
                  | head. [demonic ancestry]
  1394 | D:2      | Reached XP level 4. HP: 18/30 MP: 0/7
  1823 | D:2      | Noticed Natasha
  1832 | D:2      | Killed Natasha
  2203 | D:2      | Reached XP level 5. HP: 26/35 MP: 0/8
  2272 | D:2      | Noticed Natasha
  2275 | D:2      | Killed Natasha
  2315 | D:2      | Found an opulent altar of Gozag.
  2365 | D:2      | Noticed Natasha
  2371 | D:2      | Killed Natasha
  2403 | D:3      | Noticed Robin
  2630 | D:3      | Learned a level 4 spell: Sticky Flame
  2648 | D:3      | Killed Robin
  3455 | D:3      | Reached XP level 6. HP: 41/41 MP: 6/9
  4534 | D:4      | HP: 1/41 [orc priest/divine providence (10)]
  4840 | D:4      | Reached skill level 5 in Fire Magic
  4880 | D:4      | Reached XP level 7. HP: 39/46 MP: 0/10
  4912 | D:4      | Learned a level 5 spell: Fireball
  4934 | D:4      | Reached skill level 5 in Conjurations
  5491 | D:4      | Found a runed translucent door.
  5492 | D:4      | Noticed Crazy Yiuf
  5497 | D:4      | Killed Crazy Yiuf
  5642 | D:5      | Entered Level 5 of the Dungeon
  5778 | D:5      | Found a staircase to the Ecumenical Temple.
  5809 | D:5      | Found Xuis's Jewellery Boutique.
  5842 | Temple   | Entered the Ecumenical Temple
  5891 | D:5      | Found Muoceck's Antique Weapon Emporium.
  5898 | D:5      | Found Caetun's Assorted Antiques.
  5911 | D:5      | Bought a tattered robe for 171 gold pieces
  5921 | D:5      | Identified the cursed +0 robe of the Arcane {Dex+2} (You
                  | bought it in a shop on level 5 of the Dungeon)
  6027 | D:5      | Gained mutation: You are partially covered in thin metallic
                  | scales. (AC +2) [demonic ancestry]
  6027 | D:5      | Reached XP level 8. HP: 29/52 MP: 4/11
  6301 | D:5      | Found a shimmering blue altar of Sif Muna.
  6640 | D:5      | Became a worshipper of Sif Muna the Loreminder
  7106 | D:6      | Found a shadowy altar of Dithmenos.
  7249 | D:6      | Found a burning altar of Makhleb.
  7544 | D:6      | Found a shimmering blue altar of Sif Muna.
  8333 | D:6      | HP: 1/78 [hog (4)]
  8335 | D:6      | Slain by a hog

Levels and vault maps discovered:
D:1:      dpeg_arrival_shelter, layout_loops_ring
D:2:      minmay_spotlight, layout_basic, lemuel_round_altar, uniq_natasha
D:3:      layout_basic, uniq_robin
D:4:      layout_cave_pods, uniq_crazy_yiuf_cottage
D:5:      cheibrodos_quashed, layout_cave_pods, kennysheep_mini_moat,
          minmay_temple_entry_ruins, first_ration, serial_shops, shop,
          nicolae_shop_behind_doors, nicolae_shop_crystal, grunt_ministairs_8
D:6:      kennysheep_orc_sif_temple, layout_basic, makhleb_heckhound_becter,
          grunt_dithmenos_smoke_and_mirrors
D:7:      layout_cave_pools, kennysheep_little_box, marbit_many_paths,
          overflow_temple_1_default, grunt_livestock
Temple:   eino_temple_water

Skill      XL: |  1  2  3  4  5  6  7  8 |
---------------+-------------------------+-----
Dodging        | 2 3 4 |  4.9
Fire Magic     | 3 4 5 6 7 |  7.2
Conjurations   | 2 3 4 5 7 |  7.3
Stealth        | |  1.7
Spellcasting   | |  2.0

Action                   |  1- 3 |  4- 6 |  7- 9 || total
-------------------------+-------+-------+-------++-------
Melee: Unarmed           |     9 |    44 |       ||    53
       Headbutt          |       |    12 |    14 ||    26
       Whip              |       |    25 |    26 ||    51
       Quarterstaff      |       |       |    78 ||    78
 Cast: Flame Tongue      |    53 |   150 |    42 ||   245
       Sticky Flame      |       |       |    12 ||    12
  Use: Scroll            |       |       |     1 ||     1
       Potion            |       |       |     1 ||     1
 Stab: Sleeping          |     1 |     2 |     2 ||     5
       Petrified         |       |       |     1 ||     1
  Eat: Chunk             |     2 |    13 |     6 ||    21
       Ration            |       |       |     2 ||     2
Armor: Robe              |     2 |    18 |    38 ||    58
Dodge: Dodged            |    14 |   126 |   144 ||   284
